 Dungeon Crawl Stone Soup version 0.18.1-5-g4a78601 (webtiles) character file.

105 esc the Magician (level 4, 0/29 HPs)
             Began as a Deep Elf Fire Elementalist on May 12, 2016.
             Succumbed to an adder's poison
             ... on level 2 of the Dungeon.
             The game lasted 00:04:43 (1195 turns).

esc the Magician (Deep Elf Fire Elementalist)       Turns: 1195, Time: 00:04:44

Health: 0/29       AC:  2    Str:  5    XL:     4   Next: 53%
Magic:  4/15       EV: 16    Int: 21    God:
Gold:   38         SH:  0    Dex: 15    Spells: 1 memorised, 16 levels left

rFire  . . .     SeeInvis .     e - +1 spear (pierce)
rCold  . . .     Gourm    .     a - +0 robe
rNeg   . . .     Faith    .     (no shield)
rPois  .         Spirit   .     (no helmet)
rElec  .         Dismiss  .     (no cloak)
rCorr  .         Reflect  .     (no gloves)
SustAt .         Harm     .     (no boots)
MR     .....                    (no amulet)
Stlth  ++........               (no ring)
                                (no ring)

@: lethally poisoned (0 -> -6), not resistant to hostile enchantments,
unstealthy
A: no striking features
a: no special abilities


You were on level 2 of the Dungeon.
You were not hungry.

You visited 1 branch of the dungeon, and saw 2 of its levels.

You collected 38 gold pieces.

Inventory:

Hand Weapons
 e - a +1 spear of piercing (weapon)
   (You found it on level 1 of the Dungeon)
 h - a +0 whip of draining
   (You took it off a kobold on level 1 of the Dungeon)
Missiles
 j - 42 stones (quivered)
Armour
 a - a +0 robe (worn)
Scrolls
 d - a scroll of recharging
Books
 b - a book of Flames
Comestibles
 c - 2 bread rations {@e1}
 f - 2 meat rations {@e2}
 g - a chunk of flesh {@w0}
 k - a slice of pizza


   Skills:
 - Level 3.9 Fighting
 - Level 6.3 Dodging
 - Level 2.4 Stealth
 + Level 7.1 Spellcasting
 + Level 5.4 Conjurations
 + Level 6.2 Fire Magic


You had 16 spell levels left.
You knew the following spells:

 Your Spells              Type           Power        Failure   Level  Hunger
a - Flame Tongue          Conj/Fire      ####.        1%          1    None


Dungeon Overview and Level Annotations

Branches:
Dungeon (2/15)

Altars:


Message History

j - 41 stones (gained 1)
Your butterfly disappears in a puff of smoke!
j - 42 stones (gained 1)
You start resting.
Some of the chunks of flesh in your inventory have rotted away.
Eating one of 2 chunks of flesh {@w0}.
You continue eating. x2
Health restored: 20; MP restored: 10
l - a sedimented inky potion Read which item? (? for menu, Esc to quit)
As you read the scroll of random uselessness, it crumbles to dust.
Your brain hurts!
Read which item? (? for menu, Esc to quit)
As you read the scroll of random uselessness, it crumbles to dust.
You hear the tinkle of a tiny bell.
You swap places.
Found a stone staircase leading down.
Found a stone staircase leading up.
You swap places.
An adder and a quokka come into view.
Your butterfly disappears in a puff of smoke!
The quokka closely misses you.
You hit the quokka but do no damage. The quokka bites you.
You take 1 damage, and have 19/20 hp.
Aim: a quokka The flame tongue hits the quokka.
The quokka misses you.
You now have 9/10 mp.
Unknown command.
Aim: a quokka (lightly wounded)
The flame tongue misses the quokka.
The quokka bites you.
You take 3 damage, and have 16/20 hp.
You now have 8/10 mp.
You miss the quokka. The quokka bites you. The quokka closely misses you.
You take 2 damage, and have 14/20 hp.
Aim: a quokka (lightly wounded)
The flame tongue hits the quokka.
The adder bites you. The quokka misses you. The adder closely misses you.
You take 2 damage, and have 12/20 hp.
You now have 7/10 mp.
Aim: a quokka (severely wounded)
The flame tongue misses the quokka.
The quokka closely misses you. The adder bites you.
You are poisoned.
The adder poisons you!
You take 2 damage, and have 10/20 hp.
You now have 6/10 mp.
Drink which item? (? for menu, Esc to quit)
Okay, then.
You feel sick.
You take 1 damage, and have 9/20 hp.
Aim: a quokka (severely wounded)
The flame tongue hits the quokka.
You kill the quokka!
You feel sick. The adder barely misses you. The adder bites you.
* * * LOW HITPOINT WARNING * * *
You are more poisoned.
The adder poisons you!
You take 3 damage, and have 6/20 hp.
You now have 5/10 mp.
Drink which item? (? for menu, Esc to quit)
It was a potion of experience.
You feel more experienced!
Your Fighting skill gained 2 levels and is now at level 3!
Your Dodging skill gained 4 levels and is now at level 6!
Your Spellcasting skill gained 4 levels and is now at level 7!
Your Conjurations skill gained 4 levels and is now at level 5!
Your Fire Magic skill gained 3 levels and is now at level 6!
You have reached level 4!
You feel clever. The adder bites you.
* * * LOW HITPOINT WARNING * * *
Drink which item? (? for menu, Esc to quit)
It was a potion of cure mutation.
It has a very clean taste.
* * * LOW HITPOINT WARNING * * *
You feel sick. The adder completely misses you.
You take 1 damage, and have 6/29 hp.
Aim: an adder The flame tongue hits the adder.
* * * LOW HITPOINT WARNING * * *
You feel sick. The adder barely misses you.
You take 1 damage, and have 5/29 hp.
You now have 5/15 mp.
Aim: an adder (heavily wounded)
The flame tongue hits the adder.
* * * LOW HITPOINT WARNING * * *
You feel sick. The adder misses you. The adder completely misses you.
You take 1 damage, and have 4/29 hp.
You now have 4/15 mp.
Aim: an adder (almost dead)
The flame tongue hits the adder.
You kill the adder!
* * * LOW HITPOINT WARNING * * *
You feel sick.
You take 1 damage, and have 3/29 hp.
You now have 3/15 mp.
Read which item? (? for menu, Esc to quit)
Okay, then.
* * * LOW HITPOINT WARNING * * *
You feel sick.
You take 1 damage, and have 2/29 hp.
* * * LOW HITPOINT WARNING * * *
You feel sick.
You take 1 damage, and have 1/29 hp.
* * * LOW HITPOINT WARNING * * *
You feel sick.
Okay, then.
You die...

###........###b#
#.......#.## #.#
#.......#.# #.#
#......<#.# #..
###......##.#
##. #.........#
#. #.#.......#
## #.#.......# #
#@#####.#.# #
#.# .#.# #.# .
#.. . ###


There were no monsters in sight!

Vanquished Creatures
  An adder (D:2)
  2 worms (D:2)
  2 dart slugs (D:1)
  A ball python (D:1)
  A giant cockroach (D:1)
  2 goblins (D:1)
  A hobgoblin (D:1)
  6 jackals (D:1)
  2 quokkas (D:2)
  4 bats
  4 giant newts (D:1)
  4 kobolds
  4 rats
34 creatures vanquished.

Notes
Turn   | Place    | Note
--------------------------------------------------------------
     0 | D:1      | esc the Deep Elf Fire Elementalist began the quest for the Orb.
     0 | D:1      | Reached XP level 1. HP: 10/10 MP: 6/6
   261 | D:1      | Reached XP level 2. HP: 16/16 MP: 2/8
   279 | D:1      | HP: 3/16 [jackal (3)]
   765 | D:1      | HP: 2/16 [dart slug/slug dart (6)]
   852 | D:1      | Reached XP level 3. HP: 17/20 MP: 7/10
   906 | D:1      | Reached skill level 1 in Fighting
  1183 | D:2      | Reached skill level 3 in Fighting
  1183 | D:2      | Reached skill level 6 in Dodging
  1183 | D:2      | Reached skill level 7 in Spellcasting
  1183 | D:2      | Reached skill level 5 in Conjurations
  1183 | D:2      | Reached skill level 6 in Fire Magic
  1183 | D:2      | Reached XP level 4. HP: 9/29 MP: 5/15
  1183 | D:2      | HP: 7/29 [adder (2)]
  1187 | D:2      | HP: 3/29 [poisoned by an adder]
  1191 | D:2      | HP: 1/29 [poisoned by an adder]
  1195 | D:2      | Succumbed to an adder's poison

Skill      XL: |  1  2  3 |
---------------+----------+-----
Fighting       | 3 |  3.9
Dodging        | 6 |  6.3
Spellcasting   | 7 |  7.1
Conjurations   | 5 |  5.4
Fire Magic     | 6 |  6.2
Stealth        | |  2.4

Action                   |  1- 3 |  4- 6 || total
-------------------------+-------+-------++-------
Melee: Spear             |    25 |       ||    25
 Cast: Flame Tongue      |    52 |     3 ||    55
  Use: Scroll            |     7 |       ||     7
       Potion            |     3 |     1 ||     4
 Stab: Sleeping          |     2 |       ||     2
  Eat: Chunk             |     1 |       ||     1
Armor: Robe              |     8 |       ||     8
Dodge: Dodged            |    39 |     4 ||    43

Vault maps used:
D:1:      grunt_arrival_lava_bath, hangedman_decor_peaks_small,
          supply_closet_lemuel
D:2:      ecumenical_altar_2, first_bread, uniq_crazy_yiuf_cottage

Table legend:
 A = Turns spent in this place as a percentage of turns spent in the entire game.
 B = Non-inter-level travel turns spent in this place as a percentage of non-inter-level travel turns spent in the entire game.
 C = Inter-level travel turns spent in this place as a percentage of turns spent in this place.
 D = Turns resting spent in this place as a percentage of non-inter-level travel turns spent in this place.
 E = Turns spent auto-exploring this place as a percentage of non-inter-level travel turns spent in this place.
 F = Non-inter-level travel turns spent in this place divided by the number of levels of this place that you've seen.
                   A       B       C       D       E      F
               +-------+-------+-------+-------+-------+----------------------
         Total | 100.0 | 100.0 |   0.0 |   2.9 |   7.3 | 170.5
       Dungeon | 100.0 | 100.0 |   0.0 |   2.9 |   7.3 | 170.5
               +-------+-------+-------+-------+-------+----------------------

Table legend:
 A = Kills in this place as a percentage of kills in entire the game.
 B = Kills by you in this place as a percentage of kills by you in the entire game.
 C = Kills by friends in this place as a percentage of kills by friends in the entire game.
 D = Other kills in this place as a percentage of other kills in the entire game.
 E = Experience gained in this place as a percentage of experience gained in the entire game.
 F = Experience gained in this place divided by the number of levels of this place that you have seen.
                   A       B       C       D       E      F
               +-------+-------+-------+-------+-------+----------------------
         Total | 100.0 | 100.0 |  -nan |  -nan | 100.0 |  38.5
       Dungeon | 100.0 | 100.0 |  -nan |  -nan | 100.0 |  38.5
               +-------+-------+-------+-------+-------+----------------------
